 Dungeon Crawl Stone Soup version 0.30-a0-930-gb9d0489357 (webtiles) character file.

Game seed: 10847663828009322511

4661 GloriousHammer the Fighter (level 10, -4/111 HPs)
             Began as an Ogre Cinder Acolyte on Mar 22, 2023.
             Was a Priest of Ignis.
             Slain by a yak (8 damage)
             ... on level 8 of the Dungeon on Mar 24, 2023.
             The game lasted 00:31:20 (13212 turns).

GloriousHammer the Fighter (Ogre Cinder Acolyte)   Turns: 13212, Time: 00:31:21

Health: -4/111     AC:  7    Str: 20    XL:     10   Next: 43%
Magic:  13/22      EV: 14    Int: 19    God:    Ignis [***...]
Gold:   236        SH:  0    Dex:  4    Spells: 21/26 levels left

rFire   + . .      SeeInvis .    q - +4 flail
rCold   . . .      Faith    .    (no shield)
rNeg    . . .      Spirit   .    a - +0 steam dragon scales
rPois   .          Reflect  .    (helmet restricted)
rElec   .          Rampage  .    m - +0 cloak
rCorr   .                        (gloves unavailable)
Will    ++...                    (boots unavailable)
Stlth   +                        t - amulet of magic regeneration
HPRegen 0.38/turn                W - ring of willpower
MPRegen 0.58/turn                E - +5 ring of evasion

@: rising, flying
A: large, unfitting armour, tough skin 1
a: Renounce Religion, Fiery Armour, Foxfire Swarm


You were on level 8 of the Dungeon.
You worshipped Ignis.
Ignis was most pleased with you.
You visited 2 branches of the dungeon, and saw 10 of its levels.
You also visited: Ossuary.

You collected 636 gold pieces.
You spent 400 gold pieces at shops.

Inventory:

Hand Weapons
 q - a +4 flail (weapon)
 x - a +0 vampiric whip
 N - a +0 giant spiked club
Missiles
 c - 73 stones (quivered)
 l - 2 javelins
 n - 3 boomerangs
 o - 10 poisoned darts
 R - 2 throwing nets
Armour
 a - +0 steam dragon scales (worn)
 m - a +0 cloak (worn)
Jewellery
 t - an amulet of magic regeneration (around neck)
 C - a ring of protection from cold
 E - a +5 ring of evasion (right hand)
 F - a ring of fire
 L - a ring of flight
 W - a ring of willpower (left hand)
Wands
 b - a wand of roots (8)
 u - a wand of paralysis (5)
 v - a wand of light (16)
 I - a wand of polymorph (22)
Scrolls
 e - 5 scrolls of vulnerability
 p - a scroll of poison
 r - 2 scrolls of immolation
 y - 3 scrolls of teleportation
 D - a scroll of torment
 H - a scroll of magic mapping
 J - a scroll of brand weapon
 M - a scroll of fear
 O - a scroll of fog
Potions
 d - 12 potions of curing
 f - a potion of invisibility
 g - 3 potions of berserk rage
 j - a potion of haste {unknown}
 k - a potion of attraction {unknown}
 s - 4 potions of brilliance {unknown}
 w - 2 potions of flight {unknown}
 z - a potion of lignification {unknown}
 A - 2 potions of cancellation {unknown}
 B - a potion of might {unknown}
 G - a potion of mutation {unknown}
 K - a potion of heal wounds {unknown}
 P - a potion of resistance {unknown}
 Q - a potion of magic {unknown}
Miscellaneous
 h - a lightning rod (4/4)


   Skills:
 + Level 10.8 Fighting
 + Level 7.6 Maces & Flails
 + Level 8.5 Spellcasting
 - Level 2.0 Translocations
 - Level 6.0 Fire Magic
 - Level 2.0 Air Magic
 + Level 0.6 Evocations


You had 21 spell levels left.
You knew the following spells:

 Your Spells              Type           Power      Damage    Failure   Level
a - Scorch                Fire           60%        2d8       1%          2
b - Kindle Blastsparks    Fire/Tloc/Air  40%        2d13      7%          3

Your spell library contained the following spells:

 Spells                   Type           Power      Damage    Failure   Level
 Cigotuvi's Dreadful Rot  Necr/Pois/Air  20%        N/A       10%         2
 Ignite Poison            Fire/Tmut/Pois 15%        N/A       12%         3
 Passwall                 Tmut/Erth      6%         N/A       13%         2
 Stone Arrow              Conj/Erth      16%        3d8       26%         3
 Animate Armour           Summ/Erth      16%        N/A       65%         4
 Freezing Cloud           Conj/Ice/Air   5%         6-21      88%         5
 Storm Form               Tmut/Air       5%         N/A       100%        7
 Lehudib's Crystal Spear  Conj/Erth      4%         10d3      100%        8


Dungeon Overview and Level Annotations

Branches:
Dungeon (9/15)             Temple (1/1) D:5         Ossuary (visited)
   Lair: D:8-11         Orc: D:9-12

Altars:
Ashenzari
Cheibriados
Dithmenos
Elyvilon
Fedhas
Gozag
Hepliaklqana
Kikubaaqudgha
Makhleb
Nemelex Xobeh
Okawaru
Qazlal
Ru
Sif Muna
Trog
Uskayaw
Vehumet
Wu Jian
Xom
Yredelemnul
Zin
The Shining One

Shops:
D:2 =   D:8 ?

Annotations:
D:4 exclusion: downstairs
D:7 exclusion: 2 downstairs
D:8 Gastronok


Innate Abilities, Weirdness & Mutations

You are too large for most types of armour.
You have tough skin. (AC +1)


Message History

You hear an angry hiss.
You hear a shout! x5
Casting: Kindle Blastsparks (mildly dangerous; 7% risk of failure)
Confirm with . or Enter, or press ? or * to list all spells.
Flames lash the yak.
The yak is almost dead.
The yak's fire resistance burns away.
Casting: Scorch (safe; 1% risk of failure)
Confirm with . or Enter, or press ? or * to list all spells.
Flames lash the yak.
The yak is lightly wounded.
The yak's fire resistance burns away.
The yak barely misses you. The yak attacks as you move away!
The yak closely misses you.
Casting: Scorch (safe; 1% risk of failure)
Confirm with . or Enter, or press ? or * to list all spells.
Flames lash the yak.
The yak is burned terribly!
You kill the yak!
You hear a shout!
The yak barely misses you.
An orc comes into view. It is wielding a +0 spear.
Casting: Scorch (safe; 1% risk of failure)
Confirm with . or Enter, or press ? or * to list all spells.
A cloud of volatile blastsparks flares up around you!
The yak is no longer more vulnerable to fire.
The yak gores you! The yak attacks as you move away!
The yak gores you but does no damage.
The cloud of blastsparks explodes!
The concussive blast engulfs the yak!
The yak is heavily wounded.
The concussive blast engulfs you. You resist.
The concussive blast engulfs the yak!
The yak is moderately wounded.
The concussive blast engulfs the yak.
The yak is severely wounded.
You are knocked back by the blast.
The yak is knocked back by the blast.
You hear a shout!
The yak completely misses you.
A goblin comes into view. It is wielding a +0 spear.
There is a stone staircase leading up here.
The yak gores you! The yak gores you but does no damage.
The yak barely misses you.
You climb upwards.
Level annotation: Gastronok
There is a stone staircase leading down here.
Casting: Kindle Blastsparks (mildly dangerous; 7% risk of failure)
Confirm with . or Enter, or press ? or * to list all spells.
Flames lash the yak.
The yak is moderately wounded.
The yak's fire resistance burns away.
The yak gores you! x2
The yak misses you.
Casting: Scorch (safe; 1% risk of failure)
Confirm with . or Enter, or press ? or * to list all spells.
Flames lash the yak.
The yak is almost dead.
The yak's fire resistance burns away.
The yak gores you but does no damage. The yak gores you.
The yak barely misses you.
Casting: Scorch (safe; 1% risk of failure)
Confirm with . or Enter, or press ? or * to list all spells.
Flames lash the yak.
The yak is heavily wounded.
The yak's fire resistance burns away.
The yak gores you! x3
* * * LOW HITPOINT WARNING * * *
Okay, then.
The yak is no longer more vulnerable to fire.
The yak completely misses you.
Activating: Foxfire Swarm
Press: ? - help, Dir - look around, f - activate Flames leap up around you!
The yak gores you.
* * * LOW HITPOINT WARNING * * *
The yak gores you.
* * * LOW HITPOINT WARNING * * *
The yak gores you.
* * * LOW HITPOINT WARNING * * *
Your foxfire dissipates!
The yak is no longer more vulnerable to fire. x2
The foxfire hits the yak but does no damage.
The yak is almost dead.
The foxfire hits the yak.
The yak is almost dead.
The foxfire hits the yak but does no damage.
The yak is almost dead.
The foxfire hits the yak.
The yak is heavily wounded.
The foxfire hits the yak.
The yak is heavily wounded.
The foxfire hits the yak.
The yak is severely wounded.
The foxfire hits the yak.
The yak is severely wounded.
The foxfire hits the yak but does no damage.
The yak is almost dead.
The foxfire hits the yak.
The yak is severely wounded.
The foxfire hits the yak but does no damage.
The yak is severely wounded.
The yak closely misses you. The yak gores you!
* * * LOW HITPOINT WARNING * * *
Okay, then.
You begin to rise into the air.
The yak gores you!
* * * LOW HITPOINT WARNING * * *
The yak gores you!
You die...

##..####.####
#....#..#
##.....##
#......###
##.#.##...##
#....####...
#######.##..#####.
#.......##...# ##
#@Y.....###..##
#YY....## #...##
#......#####...###
#.............)...
#......#####.##.[.
#......# #.#####
#......# #.##
#.>....# #..####
#<.....# ##.....


You could see 3 yaks.

Vanquished Creatures
  2 two-headed ogres (D:8)
  A gargoyle (D:5)
  Grinder (D:5)
  2 yaks (D:9)
  A steam dragon (D:7)
  A water moccasin (D:6)
  2 acid dragons (D:8)
  2 orc warriors
  2 sky beasts
  An ice beast (D:5)
  2 ogres
  A kobold brigand (D:9)
  A gnoll sergeant (D:8)
  A scorpion (D:5)
  2 bullfrogs
  3 wights (D:6)
  A hound (D:5)
  A gnoll bouda (D:4)
  3 orc priests
  6 jellies
  A sleepcap (D:5)
  4 iguanas (D:5)
  Natasha (thrice) (D:3)
  5 orc wizards
  A scorpion zombie (D:3)
  A hound zombie (D:3)
  A hound skeleton (D:3)
  3 mummies (Ossuary)
  16 gnolls
  9 adders
  A shadow imp (D:6)
  A white imp (D:8)
  4 ufetubi
  An adder skeleton (D:3)
  3 adder zombies (Ossuary)
  A worm (D:3)
  2 dart slugs
  26 orcs
  6 ball pythons
  18 endoplasms
  6 giant cockroaches
  8 goblins
  8 hobgoblins
  5 jackals (D:2)
  2 quokkas
  A ball python skeleton (D:3)
  4 bats
  4 frilled lizards
  A goblin zombie (Ossuary)
  4 hobgoblin zombies (Ossuary)
  A jackal skeleton (D:3)
  22 kobolds
  4 kobold zombies (Ossuary)
  A quokka skeleton (D:3)
  3 quokka zombies (Ossuary)
  3 rats
  3 rat zombies (Ossuary)
223 creatures vanquished.

Vanquished Creatures (others)
  36 foxfires
  5 fungi (D:4)
  7 toadstools (D:4)
  3 withered plants (D:3)
51 creatures vanquished.

Grand Total: 274 creatures vanquished

Notes
Turn   | Place    | Note
-------+----------+-------------------------------------------
     0 | D:1      | GloriousHammer the Ogre Cinder Acolyte began the quest for
                  | the Orb.
     0 | D:1      | Reached XP level 1. HP: 24/24 MP: 2/2
   316 | D:1      | Reached XP level 2. HP: 27/32 MP: 2/4
   341 | D:1      | Learned a level 2 spell: Scorch
   553 | D:1      | Reached XP level 3. HP: 32/40 MP: 1/5
  1026 | D:1      | Learned a level 3 spell: Kindle Blastsparks
  1331 | D:2      | Found Tuty's Jewellery Emporium.
  1339 | D:2      | Reached XP level 4. HP: 49/49 MP: 2/7
  1791 | D:3      | Reached skill level 1 in Translocations
  1791 | D:3      | Reached skill level 1 in Air Magic
  1791 | D:3      | Reached XP level 5. HP: 41/55 MP: 2/8
  1846 | D:3      | Noticed Natasha
  1849 | D:3      | Killed Natasha
  1850 | D:3      | Reached skill level 5 in Fighting
  1886 | D:3      | Noticed Natasha
  1892 | D:3      | Killed Natasha
  1941 | D:3      | Reached XP level 6. HP: 56/66 MP: 1/10
  2038 | D:3      | Noticed Natasha
  2046 | D:3      | Killed Natasha
  2544 | D:3      | Found a shadowy altar of Dithmenos.
  3381 | D:3      | Upgraded the game from 0.30-a0-924-g0ad0bf95bc to
                  | 0.30-a0-930-gb9d0489357
  3892 | D:4      | Reached XP level 7. HP: 72/72 MP: 7/12
  4932 | D:4      | Reached skill level 6 in Fighting
  5728 | D:5      | Entered Level 5 of the Dungeon
  5759 | D:5      | Found a sand-covered staircase.
  5766 | Ossuary  | Entered an ossuary
  6469 | D:5      | Found a basalt altar of Yredelemnul.
  6620 | D:5      | Found a staircase to the Ecumenical Temple.
  6624 | D:5      | Reached XP level 8. HP: 84/84 MP: 10/14
  6630 | Temple   | Entered the Ecumenical Temple
  6854 | D:5      | Noticed a gargoyle
  7580 | D:5      | Reached skill level 7 in Fighting
  7646 | D:5      | Killed a gargoyle
  7647 | D:5      | Reached skill level 5 in Maces & Flails
  7647 | D:5      | Reached skill level 5 in Spellcasting
  7647 | D:5      | Reached skill level 5 in Fire Magic
  7797 | D:5      | Noticed Grinder
  7800 | D:5      | Paralysed by Grinder for 5 turns
  7821 | D:5      | Paralysed by Grinder for 4 turns
  7825 | D:5      | Killed Grinder
  8415 | D:6      | Got the Cyclopedia of Fumes and the Fjord
  8474 | D:6      | Reached XP level 9. HP: 84/96 MP: 11/17
  8482 | D:6      | Reached skill level 8 in Fighting
  9291 | D:6      | Found a bloodstained altar of Trog.
  9534 | D:6      | Found a stormy altar of Qazlal.
  9566 | D:6      | Found a shimmering altar of Xom.
 10383 | D:7      | Reached skill level 9 in Fighting
 10431 | D:7      | Found a shimmering blue altar of Sif Muna.
 10523 | D:7      | Found an ancient bone altar of Kikubaaqudgha.
 10832 | D:2      | Bought a +5 ring of evasion for 360 gold pieces
 11412 | D:8      | Noticed a two-headed ogre
 11917 | D:8      | Found a broken altar of Ashenzari.
 11932 | D:8      | Killed a two-headed ogre
 11933 | D:8      | Reached skill level 10 in Fighting
 11933 | D:8      | Reached XP level 10. HP: 66/110 MP: 11/21
 12295 | D:8      | Noticed Gastronok
 12530 | D:8      | Noticed a two-headed ogre
 12545 | D:8      | Killed a two-headed ogre
 12925 | D:8      | Found Deulak's Magic Scroll Shoppe.
 12938 | D:8      | Bought a scroll of identify for 20 gold pieces
 12938 | D:8      | Bought a scroll of identify for 20 gold pieces
 13037 | D:8      | Found a glowing silver altar of Zin.
 13146 | D:9      | Found an iron altar of Okawaru.
 13212 | D:8      | HP: 4/111 [yak (9)]
 13212 | D:8      | Slain by a yak

Illustrated notes

Levels and vault maps discovered:
D:1:      giann_wishing_wells, layout_basic
D:2:      layout_basic, serial_shops, nicolae_shop_trees
D:3:      layout_rooms, mainiacjoe_overflow_six_doors_small, serial_undead,
          serial_undead_d, serial_undead_f, serial_undead_d, serial_undead_c,
          uniq_natasha
D:4:      cheibrodos_fertilizer, layout_cave_pods
D:5:      layout_loops_ring, mainiacjoe_overflow_24_doors,
          minmay_temple_entry_proselytizer, enter_ossuary_1, uniq_grinder
D:6:      layout_loops_ring, general_overflow_altar, tgw_xom,
          lemuel_coloured_pillars_altar
D:7:      layout_rooms, mainiacjoe_overflow_alcove_1, kennysheep_mini,
          hangedman_abyss_or_decor_passed, interstate_on_off
D:8:      layout_rooms, amcnicky_altar_gilded, zin_scriptorium, serial_shops,
          nicolae_shop_trees, grunt_decor_junction, uniq_gastronok
D:9:      layout_cave_pools, mainiacjoe_overflow_brackets,
          lightli_bailey_entry_fortress, serial_column_ruins,
          column_ruins_hut_ruined, column_ruins_hut,
          column_ruins_columns_straight, column_ruins_open_large,
          column_ruins_corridor_dead_end, column_ruins_open_large,
          column_ruins_open_tiny, column_ruins_grid_1
Temple:   nicolae_temple_godzebo

Skill      XL: |  1  2  3  4  5  6  7  8  9 10 |
---------------+-------------------------------+-----
Fire Magic     | 3 4 5 6 |  6.0
Maces & Flails | 3 4 5 7 |  7.6
Spellcasting   | 2 3 4 5 7 8 |  8.5
Translocations | 1 2 |  2.0
Air Magic      | 1 2 |  2.0
Fighting       | 5 6 7 10 | 10.8
Evocations     | |  0.6

Action                     |  1- 3 |  4- 6 |  7- 9 | 10-12 || total
---------------------------+-------+-------+-------+-------++-------
  Melee: Mace              |    66 |    48 |       |       ||   114
         Flail             |       |     4 |    37 |     1 ||    42
         Punch             |       |     1 |       |       ||     1
   Cast: Scorch            |    22 |    62 |   127 |    34 ||   245
         Kindle Blastspark |       |       |    53 |    21 ||    74
 Invoke: Fiery Armour      |       |     1 |     1 |       ||     2
         Foxfire Swarm     |       |     1 |     1 |     1 ||     3
         Rising Flame      |       |       |       |     1 ||     1
    Use: Scroll            |       |       |    11 |     5 ||    16
 Armour: Robe              |    29 |    30 |    26 |       ||    85
         Steam dragon scal |       |       |    10 |     7 ||    17
  Dodge: Dodged            |    42 |    47 |    44 |    20 ||   153

Table legend: (Time is in decaauts)
 A = Elapsed time spent in this place.
 B = Non-inter-level travel time spent in this place.
 C = Inter-level travel time spent in this place.
 D = Time resting spent in this place.
 E = Time spent auto-exploring this place.
 F = Levels seen in this place.
 G = Mean time per level.
                   A        B        C        D        E       F      G
               +--------+--------+--------+--------+--------+-----+--------+
         Total |  13251 |  12607 |    644 |   5870 |   4718 |  11 | 1204.6 |
       Dungeon |  12458 |  11845 |    613 |   5418 |   4548 |   9 | 1384.2 |
        Temple |    129 |     98 |     31 |      0 |     91 |   1 |  129.0 |
       Ossuary |    663 |    663 |      0 |    452 |     79 |   1 |  663.0 |
               +--------+--------+--------+--------+--------+-----+--------+

Top non-repeatable levels by time:
     D:4: 2667 daAuts
     D:3: 1751 daAuts
     D:5: 1702 daAuts
     D:8: 1656 daAuts
     D:6: 1407 daAuts
     D:7: 1264 daAuts
     D:1: 1055 daAuts
     D:2: 842 daAuts
 Ossuary: 663 daAuts
  Temple: 129 daAuts
     D:9: 109 daAuts
